 Dungeon Crawl Stone Soup version 0.29-a0-330-g52719c12eb (webtiles) character file.

Game seed: 6730406050808755041

4039 Crownlay the Geomancer (level 10, 0/66 HPs)
             Began as an Octopode Earth Elementalist on May 10, 2022.
             Was an Initiate of Gozag.
             Shot with an arrow by a centaur warrior (16 damage)
             ... on level 8 of the Dungeon.
             The game lasted 00:19:03 (7796 turns).

Crownlay the Geomancer (OpEE)                       Turns: 7796, Time: 00:19:04

Health: 0/66       AC:  1    Str:  7    XL:     10   Next: 24%
Magic:  10/19      EV: 13    Int: 28    God:    Gozag
Gold:   376        SH:  0    Dex: 12    Spells: 14/22 levels left

rFire   + . .      SeeInvis +   r - +3 quarterstaff "Mezxul" {spect, rPois rF- Int+5 SInv}
rCold   . . .      Faith    .   (shield currently unavailable)
rNeg    . . .      Spirit   .   (helmet restricted)
rPois   +          Reflect  .   (no amulet)
rElec   .          Harm     .   i - ring of protection from cold
rCorr   .          Rampage  .   q - ring of protection from fire
Will    .....                   o - ring of fire
Stlth   +++.......              g - ring of flight
HPRegen 0.21/turn               (no ring)
MPRegen 0.16/turn               (no ring)
                                (no ring)
                                (no ring)

@: flying
A: almost no armour, amphibious, 8 rings, camouflage 1, gelatinous body 1,
(nimble swimmer 1), tentacles
a: Renounce Religion, Potion Petition, Call Merchant, Bribe Branch


You were on level 8 of the Dungeon.
You worshipped Gozag.
Gozag was aware of your devotion.
You visited 2 branches of the dungeon, and saw 9 of its levels.

You collected 754 gold pieces.
You spent 273 gold pieces at shops.
You paid 105 gold pieces to Gozag.

Inventory:

Hand Weapons
 r - the +3 quarterstaff "Mezxul" (weapon) {spect, rPois rF- Int+5 SInv}
   (You acquired it on level 3 of the Dungeon)

   When its wielder attacks, the weapon's spirit leaps out and strikes again.
   The spirit shares a part of any damage it takes with its wielder.
   Int:       It affects your intelligence (+5).
   rF:        It makes you vulnerable to fire.
   rPois:     It protects you from poison.
   SInv:      It lets you see invisible.
Missiles
 a - 165 stones
Jewellery
 g - a ring of flight (on tentacle)
 i - a ring of protection from cold (left tentacle)
 o - a ring of fire (on tentacle)
 q - a ring of protection from fire (right tentacle)
Wands
 y - a wand of iceblast (3)
 B - a wand of polymorph (5)
Scrolls
 d - a scroll of silence
 f - 7 scrolls of teleportation
 h - a scroll of amnesia
 l - 2 scrolls of enchant armour {unknown}
 p - a scroll of fear
 s - 2 scrolls of blinking {unknown}
 t - 2 scrolls of magic mapping {unknown}
 v - a scroll of noise {unknown}
 w - 2 scrolls of fog {unknown}
 C - 2 scrolls of enchant weapon {unknown}
 D - a scroll of holy word {unknown}
Potions
 b - a potion of magic
 c - 3 potions of resistance
 e - 5 potions of heal wounds
 j - 4 potions of curing
 k - 2 potions of cancellation
 n - 2 potions of flight
 u - a potion of mutation
 x - 2 potions of brilliance
 z - a potion of ambrosia
 A - a potion of attraction


   Skills:
 - Level 5.0 Fighting
 + Level 3.3 Dodging
 - Level 2.6 Stealth
 + Level 6.5 Spellcasting
 + Level 6.6 Conjurations
 + Level 2.2 Transmutations
 + Level 9.5 Earth Magic


You had 14 spell levels left.
You knew the following spells:

 Your Spells              Type           Power      Damage    Failure   Level
a - Sandblast             Erth           100%       2d20      1%          1
b - Stone Arrow           Conj/Erth      100%       3d13      1%          3
c - Petrify               Tmut/Erth      42%        N/A       4%          4

Your spell library contained the following spells:

 Spells                   Type           Power      Damage    Failure   Level
 Passwall                 Tmut/Erth      35%        N/A       1%          2
 Sting                    Tmut/Pois      60%        1d6       3%          1
 Freeze                   Ice            36%        1d6       6%          1
 Poisonous Vapours        Pois/Air       18%        N/A       9%          2
 Hailstorm                Conj/Ice       27%        3d7       14%         4
 Frozen Ramparts          Ice            18%        1d3       17%         3
 Olgreb's Toxic Radiance  Pois           9%         N/A       50%         4
 Summon Ice Beast         Ice/Summ       9%         N/A       50%         4
 Summon Mana Viper        Hex/Summ       9%         N/A       85%         5
 Conjure Ball Lightning   Conj/Air       13%        3x3d6     92%         6
 Monstrous Menagerie      Summ           4%         N/A       100%        7
 Discord                  Hex            4%         N/A       100%        8
 Disjunction              Tloc           4%         N/A       100%        8


Dungeon Overview and Level Annotations

Branches:
Dungeon (8/15)             Temple (1/1) D:4
   Lair: D:8-11

Altars:
Cheibriados
Dithmenos
Elyvilon
Gozag
Hepliaklqana
Kikubaaqudgha
Makhleb
Nemelex Xobeh
Okawaru
Qazlal
Ru
Sif Muna
Trog
Uskayaw
Vehumet
Wu Jian
Xom
Yredelemnul
Zin
The Shining One

Shops:
D:5 :   D:6 !   D:7 [


Innate Abilities, Weirdness & Mutations

You cannot wear most types of armour.
You are amphibious.
You can wear up to eight rings at the same time.
Your skin changes colour to match your surroundings (Stealth+).
Your rubbery body absorbs attacks. (AC +1, EV +1)
((You are camouflaged when in or above water. (Stealth+)))
You have tentacles for arms and can constrict up to eight enemies at once.


Message History

The centaur warrior shouts!
The centaur warrior wields a +0 longbow.
The centaur warrior shoots an arrow.
The arrow hits you!
A water moccasin comes into view.
The centaur warrior shoots an arrow.
The arrow hits you!
Casting: Stone Arrow (safe; 1% risk of failure)
Confirm with . or Enter, or press ? or * to list all spells.
You don't know that spell.
Casting: Stone Arrow (safe; 1% risk of failure)
Confirm with . or Enter, or press ? or * to list all spells.
Aiming: Petrify (dangerous; 4% risk of failure)
Press: ? - help, Shift-Dir - straight line, f - centaur warrior
Aim: a centaur warrior, wielding a +0 longbow (chance to affect: 50%)
Okay, then.
Casting: Petrify (dangerous; 4% risk of failure)
Confirm with . or Enter, or press ? or * to list all spells.
Aiming: Stone Arrow (safe; 1% risk of failure)
Press: ? - help, Shift-Dir - straight line, f - centaur warrior
Aim: a centaur warrior, wielding a +0 longbow (84% to hit)
The stone arrow misses the centaur warrior.
The centaur warrior shoots an arrow.
The arrow barely misses you.
Casting: Stone Arrow (safe; 1% risk of failure)
Confirm with . or Enter, or press ? or * to list all spells.
Aiming: Stone Arrow (safe; 1% risk of failure)
Press: ? - help, Shift-Dir - straight line, f/p - centaur warrior
Aim: a centaur warrior, wielding a +0 longbow (84% to hit)
The stone arrow hits the centaur warrior!!
The centaur warrior is moderately wounded.
The centaur warrior shoots an arrow.
The arrow hits you!!
* * * LOW HITPOINT WARNING * * *
Casting: Stone Arrow (safe; 1% risk of failure)
Confirm with . or Enter, or press ? or * to list all spells.
Aiming: Stone Arrow (safe; 1% risk of failure)
Press: ? - help, Shift-Dir - straight line, f/p - centaur warrior
Aim: a centaur warrior, wielding a +0 longbow (moderately wounded, 84% to hit)
The stone arrow misses the centaur warrior.
The centaur warrior shoots an arrow.
The arrow closely misses you.
The centaur warrior shoots an arrow.
The arrow hits you!
You die...
Your body crumbles into a pile of gold.

...##.................#
$
.....##...............#
≈.≈.....#####...#.##.##
.≈≈≈≈P..# #...# ..
≈≈≈≈.≈P## #...# #.#
≈≈≈.≈≈.# #...# #
.≈≈.≈≈P# #...# ≈≈P≈≈P[.
###...### .P.#P#.
#.....@.# ..##.#
#.##.##.# ### .
......##c# ..........#
....... ..# ...S..#..##
##.#.. c. ..#.#.#.


You could see a centaur warrior.

Vanquished Creatures
  Amaemon (D:8)
  An orange demon (D:8)
  Sigmund (D:6)
  A wyvern (D:8)
  Eustachio (D:5)
  3 steam dragons
  Grum (D:7)
  Edmund (D:4)
  A black bear (D:6)
  An orc warrior (D:5)
  An ice beast (D:7)
  3 wolves
  2 phantoms
  A necrophage (D:4)
  2 bullfrogs (D:7)
  3 scorpions
  5 wights
  An electric eel (D:8)
  4 orc priests
  3 hounds
  4 jellies
  Crazy Yiuf (D:7)
  A gnoll shaman (D:7)
  2 iguanas
  3 orc wizards
  Robin (D:2)
  9 adders
  4 gnolls (D:3)
  A shadow imp (D:5)
  2 white imps
  2 ufetubi
  3 dart slugs
  19 orcs
  3 bats
  5 endoplasms
  2 giant cockroaches
  17 goblins
  5 hobgoblins
  8 jackals
  9 kobolds
  7 quokkas
  11 ball pythons
  4 frilled lizards
  3 rats
163 creatures vanquished.

Vanquished Creatures (others)
  7 fungi (D:3)
  2 plants (D:8)
  4 toadstools (D:3)
13 creatures vanquished.

Grand Total: 176 creatures vanquished

Notes
Turn   | Place    | Note
-------+----------+-------------------------------------------
     0 | D:1      | Crownlay the Octopode Earth Elementalist began the quest
                  | for the Orb.
     0 | D:1      | Reached XP level 1. HP: 11/11 MP: 3/3
   186 | D:1      | Reached XP level 2. HP: 18/18 MP: 1/5
   619 | D:2      | Noticed Robin
   627 | D:2      | Reached XP level 3. HP: 21/22 MP: 6/6
   630 | D:2      | Killed Robin
   631 | D:2      | Reached skill level 1 in Fighting
   631 | D:2      | Reached skill level 1 in Conjurations
   817 | D:2      | Reached XP level 4. HP: 26/28 MP: 7/7
   882 | D:2      | Learned a level 3 spell: Stone Arrow
  1216 | D:2      | Reached skill level 4 in Earth Magic
  1604 | D:3      | Identified a scroll of acquirement
  1605 | D:3      | Acquired the +3 quarterstaff "Mezxul" {spect, rPois rF-
                  | Int+5 SInv}
  1909 | D:3      | Reached XP level 5. HP: 34/34 MP: 4/9
  2105 | D:3      | Learned a level 4 spell: Petrify
  2262 | D:3      | Found a faded altar of an unknown god.
  2892 | D:4      | Reached XP level 6. HP: 38/39 MP: 10/10
  2921 | D:4      | You fall into a shaft and drop 2 floors!
  2988 | D:6      | Reached skill level 5 in Earth Magic
  3100 | D:5      | Entered Level 5 of the Dungeon
  3408 | D:4      | Reached XP level 7. HP: 45/45 MP: 12/12
  3553 | D:4      | Noticed Edmund
  3559 | D:4      | Killed Edmund
  4059 | D:4      | Reached skill level 6 in Earth Magic
  4059 | D:4      | Found a staircase to the Ecumenical Temple.
  4071 | Temple   | Entered the Ecumenical Temple
  4148 | Temple   | Became a worshipper of Gozag Ym Sagoz the Greedy
  4341 | D:5      | Reached XP level 8. HP: 54/54 MP: 3/14
  4760 | D:5      | Found Kegae's Self-Improvement Boutique.
  4823 | D:5      | Noticed Eustachio
  4830 | D:5      | Killed Eustachio
  4996 | D:5      | Reached skill level 7 in Earth Magic
  5419 | D:6      | Found Dekuodui's Distillery.
  5507 | D:6      | Bought a potion of ambrosia for 104 gold pieces
  5507 | D:6      | Bought a potion of heal wounds for 65 gold pieces
  5507 | D:6      | Bought a potion of heal wounds for 65 gold pieces
  5507 | D:6      | Bought a potion of attraction for 39 gold pieces
  5545 | D:6      | Noticed Sigmund
  5557 | D:6      | Killed Sigmund
  5558 | D:6      | Reached skill level 5 in Spellcasting
  5558 | D:6      | Reached XP level 9. HP: 51/60 MP: 3/16
  5724 | D:6      | Reached skill level 5 in Conjurations
  5763 | D:6      | Reached skill level 5 in Fighting
  5768 | D:6      | Reached skill level 8 in Earth Magic
  6464 | D:7      | Found Uraqagarru's Antique Armour Shoppe.
  6896 | D:7      | Found a runed translucent door.
  6897 | D:7      | Noticed Crazy Yiuf
  7060 | D:7      | Killed Crazy Yiuf
  7186 | D:8      | Noticed Grum
  7191 | D:7      | Killed Grum
  7192 | D:7      | Reached skill level 9 in Earth Magic
  7381 | D:8      | Noticed Amaemon
  7573 | D:8      | Noticed an orange demon
  7577 | D:8      | Killed an orange demon
  7578 | D:8      | Reached XP level 10. HP: 66/66 MP: 9/19
  7584 | D:8      | Killed Amaemon
  7790 | D:8      | Noticed a centaur warrior
  7796 | D:8      | Shot with an arrow by a centaur warrior

Illustrated notes

Levels and vault maps discovered:
D:1:      tarquinn_simple_flora_water_d, layout_rooms, minmay_cut_off
D:2:      layout_rooms, st_stairs_6, minmay_tromino_i2, uniq_robin
D:3:      layout_basic, hellmonk_ecumenical_altar_heavens_door,
          minmay_gold_behind_fungi
D:4:      layout_basic, minmay_temple_entry_nine_rooms, minmay_bisected,
          uniq_edmund
D:5:      kennysheep_spiral_hall, layout_rooms, nicolae_shop_fire_sale
          [nicolae_sub_dead_trees], nicolae_shop_self_help, uniq_eustachio,
          uniq_ijyb, uniq_pikel
D:6:      layout_cave_pools, serial_shops, shop, grunt_ministairs_7,
          uniq_sigmund
D:7:      layout_loops_ring, kennysheep_windowed_goal, uniq_crazy_yiuf_cottage
D:8:      layout_loops_cross, ashenzari_altar_1, serial_bayou_pond_b,
          uniq_prince_ribbit1, uniq_amaemon, uniq_grum
Temple:   regret_index_temple_sigil_plot

Skill      XL: |  1  2  3  4  5  6  7  8  9 10 |
---------------+-------------------------------+-----
Fighting       | 1 2 3 4 5 |  5.0
Conjurations   | 1 2 3 4 6 |  6.6
Earth Magic    | 4 5 6 7 9 |  9.5
Spellcasting   | 3 4 5 6 |  6.5
Dodging        | 3 |  3.3
Transmutations | 2 |  2.2
Stealth        | |  2.6

Action                   |  1- 3 |  4- 6 |  7- 9 | 10-12 || total
-------------------------+-------+-------+-------+-------++-------
Melee: Dagger            |    40 |    34 |       |       ||    74
       Constrict         |     8 |    22 |    10 |     1 ||    41
       Tentacles         |     6 |    10 |     6 |     2 ||    24
       Quarterstaff      |       |    41 |    32 |     4 ||    77
 Cast: Sandblast         |    12 |    34 |    14 |       ||    60
       Stone Arrow       |       |     1 |    75 |     6 ||    82
  Use: Scroll            |     4 |     7 |     5 |       ||    16
 Stab: Sleeping          |     8 |     6 |     5 |       ||    19
Armor: Skin              |     1 |     7 |     2 |       ||    10
Dodge: Dodged            |    22 |    43 |    30 |    10 ||   105

Table legend: (Time is in decaauts)
 A = Elapsed time spent in this place.
 B = Non-inter-level travel time spent in this place.
 C = Inter-level travel time spent in this place.
 D = Time resting spent in this place.
 E = Time spent auto-exploring this place.
 F = Levels seen in this place.
 G = Mean time per level.
                   A        B        C        D        E       F      G
               +--------+--------+--------+--------+--------+-----+--------+
         Total |   7818 |   7622 |    196 |      2 |   6384 |   9 |  868.7 |
       Dungeon |   7731 |   7544 |    187 |      2 |   6330 |   8 |  966.4 |
        Temple |     86 |     77 |      9 |      0 |     54 |   1 |   86.0 |
               +--------+--------+--------+--------+--------+-----+--------+

Top non-repeatable levels by time:
     D:7: 1305 daAuts
     D:3: 1237 daAuts
     D:5: 1096 daAuts
     D:6: 1075 daAuts
     D:2: 1072 daAuts
     D:4: 953 daAuts
     D:1: 505 daAuts
     D:8: 486 daAuts
  Temple: 86 daAuts
